 Dungeon Crawl Stone Soup version 0.27-a0-287-gd4424db430 (webtiles) character file.

Game seed: 2354091235943871967

9 namelastname112 the Sneak (level 2, -4/26 HPs)
             Began as a Draconian Delver on Feb 8, 2021.
             Slain by an iguana (10 damage)
             ... on level 4 of the Dungeon.
             The game lasted 00:00:24 (97 turns).

namelastname112 the Sneak (Draconian Delver)          Turns: 97, Time: 00:00:25

Health: -4/26      AC:  4    Str: 14    XL:     2   Next: 3%
Magic:  2/2        EV: 12    Int: 10    God:
Gold:   6          SH:  0    Dex: 12    Spells: 1/1 levels left

rFire    . . .     SeeInvis .   a - +0 falchion
rCold    . . .     Faith    .   (no shield)
rNeg     . . .     Spirit   .   (armour unavailable)
rPois    .         Reflect  .   (helmet restricted)
rElec    .         Harm     .   (no cloak)
rCorr    .         Rampage  .   (no gloves)
Will     .....                  (no boots)
Stlth    +++.......             (no amulet)
HPRegen  0.08/turn              (no ring)
MPRegen  0.08/turn              (no ring)

@: hasted, very quick
A: unfitting armour, cold-blooded, AC +4
a: no special abilities


You were on level 4 of the Dungeon.
You visited 1 branch of the dungeon, and saw 2 of its levels.

You collected 6 gold pieces.

Inventory:

Hand Weapons
 a - a +0 falchion (weapon)
Wands
 f - a wand of digging (3)
Scrolls
 b - a scroll of fog
 c - a scroll of magic mapping
 d - a scroll of fear


   Skills:
 + Level 3.4 Fighting
 + Level 2.2 Long Blades
 + Level 2.0 Dodging
 + Level 4.6 Stealth


You had one spell level left.
You didn't know any spells.
Your spell library was empty.

Dungeon Overview and Level Annotations

Branches:
Dungeon (5/15)
 Temple: D:4-7

Altars:


Innate Abilities, Weirdness & Mutations

Your plain brown scales are hard. (AC +4)
You cannot fit into any form of body armour.
You are cold-blooded and may be slowed by cold attacks.


Message History

The bullfrog skeleton is moderately damaged!
The bullfrog skeleton closely misses you!
You barely miss the bullfrog skeleton!
The bullfrog skeleton is moderately damaged!
The bullfrog skeleton hits you!
The iguana bites you but does no damage!
You take 2 damage, and have 13/26 hp!
You barely miss the bullfrog skeleton!
The bullfrog skeleton is moderately damaged!
The bullfrog skeleton hits you! The iguana bites you! * * * don't die
* * * You take 7 damage, and have 6/26 hp!
MASSIVE DAMAGE!!!!!!
You completely miss the bullfrog skeleton!
The bullfrog skeleton is moderately damaged!
The bullfrog skeleton closely misses you!
You riposte!
You fracture the bullfrog skeleton into splinters!
The bullfrog skeleton is moderately damaged!
The iguana bites you!!! rip

#...........#
##.........##
#.........#
#.......##
#.......##
##.......#
####.##.# ##
#l## #.@#
##Z# #.. ##.#
.# .| ..# ...


You could see an iguana and a bullfrog skeleton.

Vanquished Creatures
  An adder (D:4)
1 creature vanquished.

Notes
Turn   | Place    | Note
-------+----------+-------------------------------------------
     0 | D:5      | namelastname112 the Draconian Delver began the quest for
                  | the Orb.
     0 | D:5      | Reached XP level 1. HP: 19/19 MP: 1/1
    45 | D:4      | Reached XP level 2. HP: 16/26 MP: 2/2
    97 | D:4      | Slain by an iguana

Illustrated notes

Levels and vault maps discovered:
D:4:      layout_cave_pods, grunt_tough_drop
D:5:      layout_loops_ring, nemelex_xobeh_ov_fountains_minmay,
          grunt_temple_overflow_cloverleaf, minmay_temple_entry_enclosed_plants,
          kennysheep_small_circle

Skill      XL: |  1 |
---------------+----+-----
Dodging        | 2 |  2.0
Fighting       | |  3.4
Long Blades    | |  2.2
Stealth        | |  4.6

Action                   || total
-------------------------++-------
Melee: Falchion          ||     9
       Tailslap          ||     1
  Use: Potion            ||     1
Armor: Skin              ||     2
Dodge: Dodged            ||     5
       Rpst.: Falchion   ||     2

Table legend: (Time is in decaauts)
 A = Elapsed time spent in this place.
 B = Non-inter-level travel time spent in this place.
 C = Inter-level travel time spent in this place.
 D = Time resting spent in this place.
 E = Time spent auto-exploring this place.
 F = Levels seen in this place.
 G = Mean time per level.
                   A        B        C        D        E       F      G
               +--------+--------+--------+--------+--------+-----+--------+
         Total |     96 |     96 |      0 |     20 |     34 |   2 |   48.0 |
       Dungeon |     96 |     96 |      0 |     20 |     34 |   2 |   48.0 |
               +--------+--------+--------+--------+--------+-----+--------+

Top non-repeatable levels by time:
     D:4: 57 daAuts
     D:5: 39 daAuts
